[Event "GER-chT Youth Countries 2020"]
[Site "Berlin"]
[Date "2020.09.30"]
[Round "2"]
[White "Halabi, Ibrahim"]
[Black "Simon, Tessa"]
[Result "1-0"]
[ECO "B33"]
[WhiteElo "1895"]
[BlackElo "1860"]
[Annotator "NA"]
[PlyCount "89"]
[EventDate "2020.09.30"]
[EventType "team-tourn"]
[EventRounds "7"]
[EventCountry "GER"]
[SourceTitle "playchess.com"]
[Source "ChessBase"]
[SourceQuality "1"]
[WhiteTeam "Rheinland-Pfalz"]
[BlackTeam "Sachsen"]
[WhiteTeamCountry "GER"]
[BlackTeamCountry "GER"]
[TimeControl "30/5400+30:0"]

1. e4 c5 2. Nf3 Nc6 3. d4 cxd4 4. Nxd4 Nf6 5. Nc3 e5 6. Ndb5 d6 7. Bg5 a6 8. Na3 b5 9. Nd5 Be7 10. Bxf6 Bxf6 11. c3 Ne7 12. Nc2 Nxd5 13. Qxd5 Rb8 14. Nb4 Bb7 15. Qd3 O-O 16. Be2 a5 17. Nd5 Bxd5 18. Qxd5 b4 19. cxb4 Rxb4 20. Bc4 Rxb2 21. Bb3 Qb6 22. O-O Bg5 23. Rad1 Be7 24. Rd3 Qc5 25. Qb7 Rxb3 26. axb3 Bf6 27. Rd5 Qa3 28. Qb5 Bd8 29. Qa4 Qb2 30. Rxd6 h6 31. Qc4 Bg5 32. Rc6 Rd8 33. Rc8 Rxc8 34. Qxc8+ Kh7 35. Qc4 Kg8 36. g3 Qd2 37. Qd5 Qc3 38. Rd1 Bf6 39. Qc4 Qb2 40. Rd7 Qb1+ 41. Kg2 Kh7 42. Rxf7 Kg6 43. Ra7 Kh7 44. Rxa5 Qe1 45. Ra4 1-0

[Event "GER-chT Youth Countries 2020"]
[Site "Berlin"]
[Date "2020.09.30"]
[Round "2"]
[White "Brunner, Sophia"]
[Black "Werner, Florin"]
[Result "1-0"]
[ECO "D02"]
[WhiteElo "1850"]
[BlackElo "1481"]
[Annotator "NA"]
[PlyCount "42"]
[EventDate "2020.09.30"]
[EventType "team-tourn"]
[EventRounds "7"]
[EventCountry "GER"]
[SourceTitle "playchess.com"]
[Source "ChessBase"]
[SourceQuality "1"]
[WhiteTeam "Niedersachsen"]
[BlackTeam "Hessen"]
[WhiteTeamCountry "GER"]
[BlackTeamCountry "GER"]
[TimeControl "30/5400+30:0"]

1. d4 d5 2. Nf3 Bf5 3. g3 Nf6 4. Bg2 e6 5. O-O c5 6. b3 Nc6 7. Bb2 Nb4 8. Na3 Rc8 9. c3 Nc6 10. c4 Qb6 11. cxd5 exd5 12. dxc5 Bxc5 13. Nc2 Bg6 14. Bxf6 gxf6 15. e3 Ne7 16. Nfd4 Bxc2 17. Nxc2 Qd6 18. Nd4 a6 19. Qd3 h6 20. Rfd1 Rd8 21. Rac1 Bb6 1-0

[Event "GER-chT Youth Countries 2020"]
[Site "Berlin"]
[Date "2020.09.30"]
[Round "2"]
[White "Grossmann, Piet"]
[Black "Maetzkow, Maximilian Paul"]
[Result "1/2-1/2"]
[ECO "C12"]
[WhiteElo "1849"]
[BlackElo "2242"]
[Annotator "ChessBase"]
[PlyCount "42"]
[EventDate "2020.09.30"]
[EventType "team-tourn"]
[EventRounds "7"]
[EventCountry "GER"]
[SourceTitle "playchess.com"]
[Source "ChessBase"]
[SourceQuality "1"]
[WhiteTeam "Mecklenburg-Vorpommern"]
[BlackTeam "Berlin"]
[WhiteTeamCountry "GER"]
[BlackTeamCountry "GER"]
[TimeControl "30/5400+30:0"]

1. e4 e6 2. d4 d5 3. Nc3 Nf6 4. Bg5 Bb4 5. e5 h6 6. Bd2 Bxc3 7. bxc3 Ne4 8. Qg4 Kf8 9. Bd3 Nxd2 10. Kxd2 c5 11. Nf3 c4 12. Be2 Nc6 13. h4 b5 14. Rhb1 Rb8 15. Qf4 a5 16. a3 Qe7 17. Qe3 Ke8 18. h5 Kd7 19. g3 Ba6 20. Ne1 Rb6 21. Ng2 Rhb8 1/2-1/2

[Event "GER-chT Youth Countries 2020"]
[Site "Berlin"]
[Date "2020.09.30"]
[Round "2"]
[White "Viet, Silas"]
[Black "Schubert, Nikita"]
[Result "0-1"]
[ECO "A45"]
[WhiteElo "1846"]
[BlackElo "1946"]
[Annotator "ChessBase"]
[PlyCount "114"]
[EventDate "2020.09.30"]
[EventType "team-tourn"]
[EventRounds "7"]
[EventCountry "GER"]
[SourceTitle "playchess.com"]
[Source "ChessBase"]
[SourceQuality "1"]
[WhiteTeam "Bremen"]
[BlackTeam "Thüringen"]
[WhiteTeamCountry "GER"]
[BlackTeamCountry "GER"]
[TimeControl "30/5400+30:0"]

1. d4 Nf6 2. Bf4 d5 3. e3 c5 4. c3 Nc6 5. Nd2 Bf5 6. Ngf3 e6 7. Bb5 Qb6 8. Qa4 a6 9. Bxc6+ Qxc6 10. Qxc6+ bxc6 11. Nb3 c4 12. Na5 c5 13. dxc5 Bxc5 14. Nb7 Ne4 15. Nd4 Ra7 16. Nxc5 Nxc5 17. Nxf5 exf5 18. Ke2 Rb7 19. Rab1 f6 20. Rhd1 Rd7 21. b3 cxb3 22. axb3 Ke7 23. b4 Na4 24. Rd3 Rc8 25. Kd2 h5 26. h3 Nb6 27. Ra1 Nc4+ 28. Kc2 Ra8 29. f3 a5 30. Bg3 Ke6 31. Bf2 Rdd8 32. bxa5 Rdb8 33. Ra2 Rxa5 34. Rxa5 Nxa5 35. e4 fxe4 36. fxe4 dxe4 37. Rd4 f5 38. Bg3 Rb5 39. c4 Rb4 40. Rd6+ Ke7 41. Ra6 Rxc4+ 42. Kd1 Nc6 43. Kd2 g5 44. h4 f4 45. Bh2 Kf6 46. hxg5+ Kxg5 47. Ra8 Rd4+ 48. Ke2 Rd8 49. Ra4 Kf5 50. Rc4 Nd4+ 51. Ke1 e3 52. Rc7 Ne6 53. Rf7+ Ke4 54. Re7 Rd6 55. Ke2 Ra6 56. Re8 Ra2+ 57. Kf1 Kd3 0-1

[Event "GER-chT Youth Countries 2020"]
[Site "Berlin"]
[Date "2020.09.30"]
[Round "2"]
[White "Kluehs, Gustaf"]
[Black "Tovmasyan, Minas"]
[Result "1/2-1/2"]
[ECO "A06"]
[WhiteElo "1827"]
[BlackElo "1658"]
[Annotator "NA"]
[PlyCount "38"]
[EventDate "2020.09.30"]
[EventType "team-tourn"]
[EventRounds "7"]
[EventCountry "GER"]
[SourceTitle "playchess.com"]
[Source "ChessBase"]
[SourceQuality "1"]
[WhiteTeam "Berlin"]
[BlackTeam "Mecklenburg-Vorpommern"]
[WhiteTeamCountry "GER"]
[BlackTeamCountry "GER"]
[TimeControl "30/5400+30:0"]

1. Nf3 d5 2. g3 Nf6 3. Bg2 g6 4. O-O Bg7 5. d3 O-O 6. Nbd2 c6 7. c4 Na6 8. a3 h6 9. Qc2 Nc7 10. Rb1 a5 11. b4 axb4 12. axb4 Be6 13. Bb2 Qc8 14. Be5 Nh5 15. Ra1 f6 16. Rxa8 Nxa8 17. Bd4 Bf7 18. Ra1 e5 19. Bb2 Re8 1/2-1/2

[Event "GER-chT Youth Countries 2020"]
[Site "Berlin"]
[Date "2020.09.30"]
[Round "2"]
[White "Besou, Hussain"]
[Black "Middendorf, Sven-Jonas"]
[Result "1-0"]
[ECO "E08"]
[WhiteElo "1825"]
[BlackElo "1355"]
[Annotator "NA"]
[PlyCount "109"]
[EventDate "2020.09.30"]
[EventType "team-tourn"]
[EventRounds "7"]
[EventCountry "GER"]
[SourceTitle "playchess.com"]
[Source "ChessBase"]
[SourceQuality "1"]
[WhiteTeam "Nordrhein-Westfalen"]
[BlackTeam "Brandenburg"]
[WhiteTeamCountry "GER"]
[BlackTeamCountry "GER"]
[TimeControl "30/5400+30:0"]

1. d4 Nf6 2. c4 e6 3. Nf3 d5 4. g3 Be7 5. Bg2 O-O 6. Qc2 Nbd7 7. O-O Re8 8. Rd1 Bf8 9. b3 g6 10. Bb2 Bg7 11. Nbd2 b6 12. Rac1 Bb7 13. cxd5 Nxd5 14. e4 Nb4 15. Qxc7 Qc8 16. Qf4 Nd3 17. Rxc8 Nxf4 18. Rxe8+ Rxe8 19. gxf4 f5 20. e5 Bh6 21. Rc1 Bd5 22. Rc7 Rd8 23. Ba3 Kf7 24. Nc4 Bxf4 25. Nd6+ Kg8 26. Nb7 Rb8 27. Rxd7 Rxb7 28. Rxb7 Bxb7 29. Ne1 Ba6 30. d5 exd5 31. Bxd5+ Kg7 32. e6 Bb5 33. e7 a5 34. Bb2+ Kh6 35. Nd3 Bg5 36. Ba3 Bxe7 37. Bxe7 Bxd3 38. Bd8 Bb1 39. a4 b5 40. axb5 Bd3 41. b6 Ba6 42. b7 Bxb7 43. Bxb7 g5 44. Bxa5 f4 45. b4 g4 46. Bc7 g3 47. Bxf4+ Kh5 48. Bf3+ Kh4 49. hxg3+ Kh3 50. b5 h5 51. b6 h4 52. b7 hxg3 53. b8=Q gxf2+ 54. Kf1 Kh4 55. Qh8# 1-0

[Event "GER-chT Youth Countries 2020"]
[Site "Berlin"]
[Date "2020.09.30"]
[Round "2"]
[White "Schwartz, Oliver"]
[Black "Junker, Magnus"]
[Result "1/2-1/2"]
[ECO "B90"]
[WhiteElo "1794"]
[BlackElo "2093"]
[Annotator "ChessBase"]
[PlyCount "101"]
[EventDate "2020.09.30"]
[EventType "team-tourn"]
[EventRounds "7"]
[EventCountry "GER"]
[SourceTitle "playchess.com"]
[Source "ChessBase"]
[SourceQuality "1"]
[WhiteTeam "Württemberg"]
[BlackTeam "Bayern"]
[WhiteTeamCountry "GER"]
[BlackTeamCountry "GER"]
[TimeControl "30/5400+30:0"]

1. e4 c5 2. Nf3 d6 3. d4 cxd4 4. Nxd4 Nf6 5. Nc3 a6 6. f3 Nbd7 7. Be3 e6 8. Qd2 Be7 9. O-O-O Qc7 10. Kb1 b5 11. g4 Ne5 12. a3 Nc4 13. Bxc4 bxc4 14. Na2 O-O 15. h4 Bd7 16. h5 Rfb8 17. g5 Ne8 18. g6 d5 19. h6 fxg6 20. hxg7 Bxa3 21. b3 e5 22. Nf5 Bxf5 23. Qxd5+ Qf7 24. Qxf7+ Kxf7 25. exf5 gxf5 26. Rxh7 Nf6 27. g8=Q+ Kxg8 28. Rc7 cxb3 29. Rg1+ Kf8 30. Nc3 bxc2+ 31. Kxc2 Rb2+ 32. Kd1 Rd8+ 33. Ke1 f4 34. Bc1 Rb3 35. Bxa3+ Rxa3 36. Rgg7 Rd3 37. Rgf7+ Ke8 38. Rxf6 Raxc3 39. Re6+ Kd8 40. Rxc3 Rxc3 41. Rxe5 Rxf3 42. Re4 Kc7 43. Ke2 Rb3 44. Rxf4 a5 45. Kd2 Kd6 46. Kc2 Rb8 47. Rf5 a4 48. Ra5 Rb4 49. Kc3 Rh4 50. Kb2 Kc6 51. Ka3 1/2-1/2

[Event "GER-chT Youth Countries 2020"]
[Site "Berlin"]
[Date "2020.09.30"]
[Round "2"]
[White "Yue, Qizhou"]
[Black "Kempe, Caius Emilian"]
[Result "0-1"]
[ECO "B24"]
[WhiteElo "1775"]
[BlackElo "1910"]
[Annotator "ChessBase"]
[PlyCount "68"]
[EventDate "2020.09.30"]
[EventType "team-tourn"]
[EventRounds "7"]
[EventCountry "GER"]
[SourceTitle "playchess.com"]
[Source "ChessBase"]
[SourceQuality "1"]
[WhiteTeam "Rheinland-Pfalz"]
[BlackTeam "Sachsen"]
[WhiteTeamCountry "GER"]
[BlackTeamCountry "GER"]
[TimeControl "30/5400+30:0"]

1. e4 c5 2. Nc3 Nc6 3. Bb5 Nd4 4. Bc4 g6 5. Nge2 Bg7 6. O-O e6 7. d3 Ne7 8. Nxd4 cxd4 9. Ne2 O-O 10. Bb3 d5 11. Ng3 b6 12. Bg5 f6 13. Bd2 a5 14. a4 Kh8 15. h4 Bb7 16. h5 f5 17. exf5 gxf5 18. h6 Bf6 19. Qe2 e5 20. Qh5 f4 21. Nf5 Nxf5 22. Qxf5 Bc8 23. Qh5 Be6 24. c3 dxc3 25. Bxc3 Bf7 26. Qd1 Qd7 27. Bc2 Rg8 28. Re1 Qh3 29. g3 fxg3 30. Qf3 gxf2+ 31. Kxf2 Bh4+ 32. Ke2 Rg2+ 33. Qxg2 Qxg2+ 34. Kd1 Bh5+ 0-1

[Event "GER-chT Youth Countries 2020"]
[Site "Berlin"]
[Date "2020.09.30"]
[Round "2"]
[White "Hagenbeck-Huebert, Ben"]
[Black "Reitz, Theresa"]
[Result "1/2-1/2"]
[ECO "B23"]
[WhiteElo "1749"]
[BlackElo "1886"]
[Annotator "NA"]
[PlyCount "70"]
[EventDate "2020.09.30"]
[EventType "team-tourn"]
[EventRounds "7"]
[EventCountry "GER"]
[SourceTitle "playchess.com"]
[Source "ChessBase"]
[SourceQuality "1"]
[WhiteTeam "Sachsen"]
[BlackTeam "Rheinland-Pfalz"]
[WhiteTeamCountry "GER"]
[BlackTeamCountry "GER"]
[TimeControl "30/5400+30:0"]

1. e4 c5 2. Nc3 a6 3. f4 b5 4. Nf3 Bb7 5. d3 e6 6. a3 d5 7. exd5 exd5 8. Be2 Nf6 9. d4 Bd6 10. h3 Qc7 11. Qd2 O-O 12. O-O Nbd7 13. Kh1 Rfe8 14. Ne5 cxd4 15. Nxd7 Qxd7 16. Qxd4 Rac8 17. Bf3 Rc4 18. Qd3 Ne4 19. Ne2 Qc7 20. c3 Bc5 21. b3 Rxc3 22. Nxc3 Ng3+ 23. Kh2 Nxf1+ 24. Qxf1 Bd4 25. Bd2 Bxc3 26. Rc1 d4 27. Bxb7 Qxb7 28. Bxc3 dxc3 29. Rxc3 Qe4 30. Qf3 Qxf3 31. Rxf3 g6 32. Rc3 Re6 33. Kg3 Kg7 34. Kf3 Kf6 35. g4 Rd6 1/2-1/2

[Event "GER-chT Youth Countries 2020"]
[Site "Berlin"]
[Date "2020.09.30"]
[Round "2"]
[White "Pohle, Saskia"]
[Black "Schreidl, Michael"]
[Result "0-1"]
[ECO "C55"]
[WhiteElo "1749"]
[BlackElo "1640"]
[Annotator "NA"]
[PlyCount "80"]
[EventDate "2020.09.30"]
[EventType "team-tourn"]
[EventRounds "7"]
[EventCountry "GER"]
[SourceTitle "playchess.com"]
[Source "ChessBase"]
[SourceQuality "1"]
[WhiteTeam "Sachsen"]
[BlackTeam "Rheinland-Pfalz"]
[WhiteTeamCountry "GER"]
[BlackTeamCountry "GER"]
[TimeControl "30/5400+30:0"]

1. e4 e5 2. Nf3 Nc6 3. d4 exd4 4. Bc4 Nf6 5. e5 d5 6. Bb5 Ne4 7. Nxd4 Bd7 8. Bxc6 bxc6 9. O-O Bc5 10. f3 Ng5 11. f4 Ne4 12. Be3 Bb6 13. Nd2 Nxd2 14. Qxd2 c5 15. Nf3 d4 16. Bf2 Bc6 17. Bh4 Qd5 18. f5 Kd7 19. Rad1 Kc8 20. c3 d3 21. Kh1 c4 22. b3 Kb7 23. bxc4 Qxc4 24. Nd4 Bd5 25. Rf2 c5 26. Qxd3 Qxd3 27. Rxd3 cxd4 28. cxd4 Rac8 29. h3 Rc1+ 30. Kh2 Be4 31. Rdd2 Ba5 32. Rb2+ Kc6 33. Rf4 Bc3 34. Rb3 Bd5 35. Ra3 a5 36. Rg4 g6 37. fxg6 hxg6 38. Bf6 Rb8 39. Rg3 Bd2 40. Rg4 Rb2 0-1

[Event "GER-chT Youth Countries 2020"]
[Site "Berlin"]
[Date "2020.09.30"]
[Round "2"]
[White "Nitsche, Nikolai"]
[Black "Mueller, Sophie Charlotte"]
[Result "1-0"]
[ECO "A00"]
[WhiteElo "1721"]
[BlackElo "1459"]
[Annotator "NA"]
[PlyCount "48"]
[EventDate "2020.09.30"]
[EventType "team-tourn"]
[EventRounds "7"]
[EventCountry "GER"]
[SourceTitle "playchess.com"]
[Source "ChessBase"]
[SourceQuality "1"]
[WhiteTeam "Berlin"]
[BlackTeam "Mecklenburg-Vorpommern"]
[WhiteTeamCountry "GER"]
[TimeControl "30/5400+30:0"]

1. g3 d6 2. Bg2 g6 3. Nf3 Bg7 4. O-O Nf6 5. d3 O-O 6. e4 c6 7. c3 Nbd7 8. Bg5 Qc7 9. Nbd2 b5 10. Ne1 e5 11. f4 Qb6+ 12. Kh1 h6 13. Bxf6 Nxf6 14. f5 g5 15. Bf3 Bb7 16. Qe2 d5 17. h4 Rfc8 18. Qg2 g4 19. Bd1 h5 20. d4 Nxe4 21. Nxe4 dxe4 22. f6 Bh8 23. dxe5 c5 24. Kh2 Qe6 1-0

[Event "GER-chT Youth Countries 2020"]
[Site "Berlin"]
[Date "2020.09.30"]
[Round "2"]
[White "Werner, Rosalie"]
[Black "Moenster, Madita"]
[Result "1-0"]
[ECO "B92"]
[WhiteElo "1688"]
[BlackElo "1918"]
[Annotator "ChessBase"]
[PlyCount "97"]
[EventDate "2020.09.30"]
[EventType "team-tourn"]
[EventRounds "7"]
[EventCountry "GER"]
[SourceTitle "playchess.com"]
[Source "ChessBase"]
[SourceQuality "1"]
[WhiteTeam "Hessen"]
[BlackTeam "Niedersachsen"]
[WhiteTeamCountry "GER"]
[BlackTeamCountry "GER"]
[TimeControl "30/5400+30:0"]

1. e4 c5 2. Nf3 d6 3. d4 cxd4 4. Nxd4 Nf6 5. Nc3 a6 6. Be2 e5 7. Nb3 Be7 8. O-O O-O 9. Re1 Be6 10. Bf3 Nbd7 11. a4 Rc8 12. Nd2 Qc7 13. Nf1 Nb6 14. Ne3 Qc5 15. a5 Na8 16. Ned5 Nxd5 17. exd5 Bd7 18. g3 f5 19. Bg2 Qc7 20. Be3 Qd8 21. Ne2 Bf6 22. b3 f4 23. gxf4 exf4 24. Bd4 Bxd4 25. Nxd4 Qg5 26. c4 Nc7 27. f3 Rce8 28. Qd2 Re5 29. Qf2 Ne8 30. Re2 Nf6 31. Rae1 Rfe8 32. Kh1 Bc8 33. Rg1 Qh6 34. Rge1 Bd7 35. Nc2 Bf5 36. Nb4 Nd7 37. Bf1 Nc5 38. Rxe5 dxe5 39. Qxc5 e4 40. Bg2 e3 41. d6 Be6 42. Nd5 Qh4 43. Re2 Bh3 44. Ne7+ Kh8 45. Qe5 Rf8 46. Nd5 Qh6 47. Nxf4 Bxg2+ 48. Nxg2 Qg6 49. Rxe3 1-0

[Event "GER-chT Youth Countries 2020"]
[Site "Berlin"]
[Date "2020.09.30"]
[Round "2"]
[White "Schiewe, Nadin"]
[Black "Rudolph, Eva"]
[Result "0-1"]
[ECO "D05"]
[WhiteElo "1660"]
[BlackElo "1836"]
[Annotator "NA"]
[PlyCount "78"]
[EventDate "2020.09.30"]
[EventType "team-tourn"]
[EventRounds "7"]
[EventCountry "GER"]
[SourceTitle "playchess.com"]
[Source "ChessBase"]
[SourceQuality "1"]
[WhiteTeam "Brandenburg"]
[BlackTeam "Nordrhein-Westfalen"]
[WhiteTeamCountry "GER"]
[BlackTeamCountry "GER"]
[TimeControl "30/5400+30:0"]

1. d4 d5 2. Nf3 Nf6 3. e3 e6 4. Bd3 Be7 5. Ne5 O-O 6. O-O c5 7. c3 b6 8. Nd2 Bb7 9. f4 Nc6 10. Rf3 Re8 11. Rh3 g6 12. Qe1 Nxe5 13. fxe5 Ne4 14. Nxe4 dxe4 15. Bc2 Rc8 16. Bd2 Qd5 17. Qf2 Bg5 18. Bb3 Qd8 19. Rd1 Qe7 20. Qe2 Red8 21. Qg4 Bd5 22. Bc2 h5 23. Qe2 Kg7 24. a4 Bc6 25. g3 Qb7 26. b3 Be7 27. Qf2 Bg5 28. Qe2 Qe7 29. Rf1 Rh8 30. Rd1 Ba8 31. Rc1 Qc7 32. Bb1 Rhd8 33. Qf2 Bd5 34. b4 cxb4 35. cxb4 Qxc1+ 36. Bxc1 Rxc1+ 37. Kg2 Rdc8 38. b5 Rxb1 39. Qe2 Rbc1 0-1

[Event "GER-chT Youth Countries 2020"]
[Site "Berlin"]
[Date "2020.09.30"]
[Round "2"]
[White "Haubold, Christian Lucas"]
[Black "Schulz, Hannah"]
[Result "1-0"]
[ECO "B16"]
[WhiteElo "1615"]
[BlackElo "1589"]
[Annotator "NA"]
[PlyCount "59"]
[EventDate "2020.09.30"]
[EventType "team-tourn"]
[EventRounds "7"]
[EventCountry "GER"]
[SourceTitle "playchess.com"]
[Source "ChessBase"]
[SourceQuality "1"]
[WhiteTeam "Sachsen-Anhalt"]
[BlackTeam "Baden"]
[WhiteTeamCountry "GER"]
[BlackTeamCountry "GER"]
[TimeControl "30/5400+30:0"]

1. e4 c6 2. d4 d5 3. Nc3 dxe4 4. Nxe4 Nf6 5. Nxf6+ gxf6 6. Nf3 Bf5 7. c4 e6 8. a3 Nd7 9. Bf4 Bg7 10. Qd2 c5 11. d5 Ne5 12. Be2 exd5 13. cxd5 Be4 14. Nxe5 fxe5 15. Bb5+ Kf8 16. Be3 Qxd5 17. Qxd5 Bxd5 18. Bxc5+ Kg8 19. Rg1 a6 20. Ba4 b5 21. Bc2 Rc8 22. b4 e4 23. Rd1 Bc4 24. Kd2 f5 25. Kc1 Bh6+ 26. Kb1 Kf7 27. Rd7+ Kg6 28. Rd6+ Kh5 29. Bd1+ Kg5 30. h4+ 1-0

[Event "GER-chT Youth Countries 2020"]
[Site "Berlin"]
[Date "2020.09.30"]
[Round "2"]
[White "Goepfert, Christian"]
[Black "Zimmer, Tim"]
[Result "1-0"]
[ECO "C50"]
[WhiteElo "1603"]
[BlackElo "1025"]
[Annotator "NA"]
[PlyCount "85"]
[EventDate "2020.09.30"]
[EventType "team-tourn"]
[EventRounds "7"]
[EventCountry "GER"]
[SourceTitle "playchess.com"]
[Source "ChessBase"]
[SourceQuality "1"]
[WhiteTeam "Thüringen"]
[BlackTeam "Bremen"]
[BlackTeamCountry "GER"]
[TimeControl "30/5400+30:0"]

1. e4 e5 2. Nf3 Nc6 3. Bc4 Nf6 4. d3 Bc5 5. O-O d6 6. h3 Be6 7. Bb3 Qd7 8. c3 Bb6 9. Re1 O-O-O 10. Bc2 d5 11. exd5 Qxd5 12. b4 e4 13. Bb3 Qd7 14. Ng5 Qxd3 15. Qxd3 Rxd3 16. Nxe6 fxe6 17. Bxe6+ Kb8 18. Bc4 Rd7 19. Bf4 Rhd8 20. Na3 Re7 21. Rad1 Rxd1 22. Rxd1 a6 23. Nc2 Ne5 24. Be2 Ng6 25. Bc1 Rd7 26. Rxd7 Nxd7 27. c4 c5 28. a3 Ne7 29. Ne3 cxb4 30. axb4 Bxe3 31. Bxe3 Nf5 32. Bf4+ Kc8 33. Bg4 Ne7 34. Kf1 Ng6 35. Bd6 Kd8 36. g3 Ke8 37. Ke2 Nf6 38. Be6 Nf8 39. Bc8 b6 40. Bxa6 Ne6 41. Bb5+ Kd8 42. Ke3 Nc7 43. Bc6 1-0

[Event "GER-chT Youth Countries 2020"]
[Site "Berlin"]
[Date "2020.09.30"]
[Round "2"]
[White "Kiefhaber, Tobias"]
[Black "Voigt, Anastasia"]
[Result "0-1"]
[ECO "D30"]
[WhiteElo "1542"]
[BlackElo "1562"]
[Annotator "NA"]
[PlyCount "66"]
[EventDate "2020.09.30"]
[EventType "team-tourn"]
[EventRounds "7"]
[EventCountry "GER"]
[SourceTitle "playchess.com"]
[Source "ChessBase"]
[SourceQuality "1"]
[WhiteTeam "Baden"]
[BlackTeam "Sachsen-Anhalt"]
[WhiteTeamCountry "GER"]
[BlackTeamCountry "GER"]
[TimeControl "30/5400+30:0"]

1. d4 d5 2. Nf3 Nf6 3. c4 e6 4. Bg5 Be7 5. e3 O-O 6. Bd3 b6 7. O-O c5 8. Qc2 Nbd7 9. Nc3 Bb7 10. Ne5 h6 11. Bh4 Nxe5 12. dxe5 Ng4 13. Bg3 Bh4 14. cxd5 Bxg3 15. hxg3 exd5 16. Bh7+ Kh8 17. Qf5 Bc8 18. Qc2 g6 19. Bxg6 fxg6 20. Qxg6 Qg5 21. Qd6 Rd8 22. Qc7 Ba6 23. f3 Qxe3+ 24. Kh1 Bxf1 25. fxg4 Qf2 26. Rxf1 Qxf1+ 27. Kh2 Rf8 28. Qd6 Qc1 29. Ne2 Qg5 30. Nf4 Rg8 31. Nh5 Rg6 32. Qxd5 Rag8 33. Nf4 Qxg4 0-1

[Event "GER-chT Youth Countries 2020"]
[Site "Berlin"]
[Date "2020.09.30"]
[Round "2"]
[White "Koenig, Emmilie"]
[Black "Wagner, Margarethe"]
[Result "0-1"]
[ECO "B08"]
[WhiteElo "1518"]
[BlackElo "1804"]
[Annotator "NA"]
[PlyCount "48"]
[EventDate "2020.09.30"]
[EventType "team-tourn"]
[EventRounds "7"]
[EventCountry "GER"]
[SourceTitle "playchess.com"]
[Source "ChessBase"]
[SourceQuality "1"]
[WhiteTeam "Bremen"]
[BlackTeam "Thüringen"]
[WhiteTeamCountry "GER"]
[BlackTeamCountry "GER"]
[TimeControl "30/5400+30:0"]

1. d4 Nf6 2. Nf3 g6 3. Nc3 Bg7 4. e4 d6 5. Bf4 O-O 6. Qd2 a6 7. Bh6 b5 8. Bd3 Bb7 9. Bxg7 Kxg7 10. a3 c5 11. dxc5 dxc5 12. Qf4 Nbd7 13. O-O e5 14. Qh4 c4 15. Be2 Nxe4 16. Qxd8 Raxd8 17. Nxe4 Bxe4 18. c3 f6 19. Rad1 Nc5 20. Rxd8 Rxd8 21. Rd1 Rxd1+ 22. Bxd1 Nd3 23. b4 Nb2 24. Be2 Na4 0-1

[Event "GER-chT Youth Countries 2020"]
[Site "Berlin"]
[Date "2020.09.30"]
[Round "2"]
[White "Fischer, Juliane"]
[Black "Wilmink, Anna"]
[Result "1-0"]
[ECO "C00"]
[WhiteElo "1509"]
[BlackElo "1608"]
[Annotator "NA"]
[PlyCount "65"]
[EventDate "2020.09.30"]
[EventType "team-tourn"]
[EventRounds "7"]
[EventCountry "GER"]
[SourceTitle "playchess.com"]
[Source "ChessBase"]
[SourceQuality "1"]
[WhiteTeam "Hessen"]
[BlackTeam "Niedersachsen"]
[WhiteTeamCountry "GER"]
[BlackTeamCountry "GER"]
[TimeControl "30/5400+30:0"]

1. e4 e6 2. d4 d5 3. Bd3 c5 4. exd5 exd5 5. dxc5 Bxc5 6. Nc3 Nf6 7. Nge2 O-O 8. O-O Nc6 9. Bg5 h6 10. Bh4 g5 11. Bg3 Nh5 12. Qd2 f5 13. Na4 Bd6 14. Bxd6 Qxd6 15. f4 Qg6 16. Nac3 Ne7 17. Nxd5 Nxd5 18. Bc4 Be6 19. Bxd5 Rad8 20. c4 Kh7 21. Qb4 Bxd5 22. cxd5 Rf7 23. Rad1 Rg7 24. g3 Re8 25. Rd2 Re4 26. Qc3 gxf4 27. Rf3 fxg3 28. hxg3 Rg4 29. Kf2 Qb6+ 30. Qe3 Qxe3+ 31. Kxe3 Nxg3 32. d6 Nf1+ 33. Rxf1 1-0

[Event "GER-chT Youth Countries 2020"]
[Site "Berlin"]
[Date "2020.09.30"]
[Round "2"]
[White "Herrmann, Jakob"]
[Black "Zhou, Lepu Coco"]
[Result "0-1"]
[ECO "C45"]
[WhiteElo "1504"]
[BlackElo "1872"]
[Annotator "NA"]
[PlyCount "54"]
[EventDate "2020.09.30"]
[EventType "team-tourn"]
[EventRounds "7"]
[EventCountry "GER"]
[SourceTitle "playchess.com"]
[Source "ChessBase"]
[SourceQuality "1"]
[WhiteTeam "Mecklenburg-Vorpommern"]
[BlackTeam "Berlin"]
[WhiteTeamCountry "GER"]
[BlackTeamCountry "GER"]
[TimeControl "30/5400+30:0"]

1. e4 e5 2. Nf3 Nc6 3. d4 exd4 4. Nxd4 Nf6 5. Nxc6 bxc6 6. e5 Qe7 7. Qe2 Nd5 8. c4 Ba6 9. g3 g6 10. b3 f6 11. Bb2 Bg7 12. exf6 Qxe2+ 13. Bxe2 Bxf6 14. Bxf6 Nxf6 15. Nc3 O-O-O 16. O-O-O d5 17. Rhe1 Rhe8 18. Na4 dxc4 19. Nc5 Rxd1+ 20. Kxd1 Rd8+ 21. Kc1 Bb7 22. Bxc4 Nd5 23. f4 Kb8 24. Bxd5 cxd5 25. Re7 h5 26. Nd7+ Kc8 27. Ne5 c5 0-1

[Event "GER-chT Youth Countries 2020"]
[Site "Berlin"]
[Date "2020.09.30"]
[Round "2"]
[White "Moldovan, Tatiana"]
[Black "Aumueller, Naum"]
[Result "1-0"]
[ECO "C70"]
[WhiteElo "1480"]
[BlackElo "1690"]
[Annotator "NA"]
[PlyCount "127"]
[EventDate "2020.09.30"]
[EventType "team-tourn"]
[EventRounds "7"]
[EventCountry "GER"]
[SourceTitle "playchess.com"]
[Source "ChessBase"]
[SourceQuality "1"]
[WhiteTeam "Württemberg"]
[BlackTeam "Bayern"]
[BlackTeamCountry "GER"]
[TimeControl "30/5400+30:0"]

1. e4 e5 2. Nf3 Nc6 3. Bb5 a6 4. Ba4 b5 5. Bb3 Nf6 6. d4 Nxe4 7. Qe2 d5 8. Nxe5 Nxe5 9. dxe5 Bc5 10. O-O Be6 11. Be3 O-O 12. f3 Bxe3+ 13. Qxe3 Ng5 14. h4 Nh3+ 15. gxh3 Qxh4 16. Qf2 Qg5+ 17. Qg2 Qxe5 18. Nc3 b4 19. Na4 Qe3+ 20. Kh1 Rac8 21. Rfe1 Qa7 22. Rg1 g6 23. f4 c6 24. Rgf1 Bf5 25. Kh2 Rfe8 26. Qf2 Re3 27. h4 Rce8 28. Rae1 Qd4 29. c3 bxc3 30. bxc3 Qa7 31. Nb2 Rxe1 32. Qxa7 Rxf1 33. Qxa6 Ree1 34. Nd1 Rh1+ 35. Kg2 Rhg1+ 36. Kf2 Rxd1 37. Bxd1 Rxd1 38. Qxc6 Rd2+ 39. Ke3 Rxa2 40. Qxd5 Be6 41. Qd8+ Kg7 42. h5 Ra4 43. Qg5 h6 44. Qe5+ Kh7 45. hxg6+ Kxg6 46. Kf3 Rc4 47. Qe1 Kf5 48. Qe5+ Kg6 49. Ke3 Rc8 50. Kd3 Rd8+ 51. Ke4 Re8 52. Kd4 Rc8 53. Ke3 Rc4 54. Kf3 Rc8 55. Kg3 Rc4 56. Kh4 Bf5 57. Qd6+ Be6 58. Qd3+ Kg7 59. Kg3 Kf6 60. f5 Bd5 61. Qxd5 Rxc3+ 62. Kg4 Rc1 63. Qd4+ Ke7 64. Qe3+ 1-0